[Event "Titled Tuesday Blitz August 22 Early 2023"]
[White "Young_Catalan_Player09"]
[Black "Bodnaruk, Anastasia"]
[BlackFideId "4181751"]
[WhiteElo "2420"]
[BlackElo "2617"]
[Result "0-1"]
[Round "9"]
[TimeControl "180+1"]
[Date "2023.08.22"]
[WhiteClock "0:01:31"]
[BlackClock "0:01:12"]
[Board "63"]

1. Nf3 Nf6 2. c4 g6 3. b4 Bg7 4. Bb2 O-O 5. e3 d6 6. d3 e5 7. Nc3 Nc6 8. b5 Ne7 9. a4 h6 10. Be2 c6 11. Nd2 d5 12. bxc6 bxc6 13. cxd5 cxd5 14. O-O Be6 15. Ba3 Re8 16. Nb5 a6 17. Nd6 Rf8 18. Rc1 Qd7 19. Nf3 Nh7 20. d4 exd4 21. exd4 Nc6 22. Qd2 Ng5 23. Ne5 Nxe5 24. dxe5 Bxe5 25. f4 Bxd6 26. Bxd6 Ne4 0-1


[Site "https://www.chess.com"]

[Event "Titled Tuesday Blitz August 22 Early 2023"]
[White "Santos Flores, Alberto"]
[Black "Shimanov, Aleksandr"]
[WhiteFideId "3601234"]
[BlackFideId "4198603"]
[WhiteElo "2565"]
[BlackElo "2917"]
[Result "1/2-1/2"]
[Round "9"]
[TimeControl "180+1"]
[Date "2023.08.22"]
[WhiteClock "0:00:04"]
[BlackClock "0:00:03"]
[Board "65"]

1. e4 e5 2. Nf3 Qe7 3. Bc4 d6 4. O-O Bg4 5. Nc3 c6 6. Re1 Nf6 7. Bf1 Qc7 8. h3 Bh5 9. g4 Bg6 10. d4 Nbd7 11. Bg2 Be7 12. a4 O-O 13. Nh4 Rfe8 14. Nf5 Bf8 15. f4 Bxf5 16. exf5 exd4 17. Rxe8 Rxe8 18. Qxd4 d5 19. Kh2 Bc5 20. Qd1 Be3 21. Qf3 d4 22. Ne2 Nd5 23. Bxe3 Rxe3 24. Qf2 N7f6 25. g5 Nh5 26. Rf1 h6 27. gxh6 gxh6 28. Bxd5 cxd5 29. Nxd4 Re4 30. Rg1+ Kf8 31. Ne2 Nxf4 32. Nxf4 Rxf4 33. Qg3 Rf2+ 34. Rg2 Rxg2+ 35. Kxg2 Qxc2+ 36. Kh1 Qb1+ 37. Kh2 Qxb2+ 38. Kh1 Qb1+ 39. Kh2 Qc2+ 40. Kh1 Qb1+ 41. Kh2 Qxf5 42. Qb8+ Kg7 43. Qxb7 Qe5+ 44. Kg2 Qe4+ 45. Kg1 Qd4+ 46. Kg2 Qe4+ 47. Kg1 a5 48. Qc7 Qd4+ 49. Kg2 Qe4+ 50. Kg1 d4 51. Qxa5 Qe3+ 52. Kg2 Qe2+ 53. Kg3 Qe3+ 54. Kg2 d3 55. Qc3+ Kg6 56. Qc6+ f6 57. Qc8 Qe4+ 58. Kg3 Qe3+ 59. Kg2 Qe2+ 60. Kg3 d2 61. Qg8+ Kf5 62. Qc8+ Ke4 63. Qe6+ Kd3 64. Qa6+ Ke3 65. Qe6+ Kd3 66. Qa6+ Ke3 67. Qe6+ Kd3 1/2-1/2


[Site "https://www.chess.com"]

[Event "Titled Tuesday Blitz August 22 Early 2023"]
[White "Postlmayer, Jakob"]
[Black "Molina, Roberto Junio Brito"]
[WhiteFideId "1643622"]
[BlackFideId "2109450"]
[WhiteElo "2560"]
[BlackElo "2823"]
[Result "1-0"]
[Round "9"]
[TimeControl "180+1"]
[Date "2023.08.22"]
[WhiteClock "0:00:04"]
[BlackClock "0:00:05"]
[Board "66"]

1. c4 c6 2. Nf3 d5 3. d4 Nf6 4. Nc3 dxc4 5. a4 Bf5 6. Ne5 Nbd7 7. Nxc4 Nb6 8. Ne5 a5 9. e3 Nfd7 10. Bd3 Bxd3 11. Nxd3 e6 12. O-O Be7 13. Qb3 O-O 14. e4 Qb8 15. Be3 Nc8 16. d5 exd5 17. exd5 Nf6 18. Rac1 Rd8 19. dxc6 bxc6 20. Qc2 Ng4 21. Bf4 Bd6 22. Ne2 Ne7 23. h3 Bxf4 24. Ndxf4 Nf6 25. Rfd1 Qb4 26. Nd3 Qb6 27. Ne5 Rxd1+ 28. Rxd1 Rc8 29. Ng3 c5 30. Qc4 Qe6 31. Qxe6 fxe6 32. Nc4 Ned5 33. Rc1 Nd7 34. Nxa5 Ra8 35. Nb7 Rxa4 36. Nxc5 Nxc5 37. Rxc5 Ra1+ 38. Kh2 Rb1 39. Rc2 Kf7 40. Ne4 h6 41. g3 Kg6 42. Re2 Kf5 43. Nd6+ Kf6 44. Kg2 g5 45. Nb5 e5 46. Rd2 Nb4 47. Nc3 Rc1 48. Rd6+ Kf7 49. Rxh6 Rc2 50. Ne4 Rxb2 51. Nxg5+ Kg7 52. Rb6 Nd3 53. Rxb2 Nxb2 54. Kf3 Kf6 55. Ne4+ Kf5 56. Nd2 Nd3 57. Ke3 Nc5 58. f3 Nd7 59. h4 Nf6 60. g4+ Nxg4+ 61. fxg4+ Kxg4 62. Nf3 Kf5 63. Nh2 e4 64. Ke2 Kf4 65. Kf2 Kf5 66. Ke3 Ke5 67. h5 Kf5 68. Ng4 Kg5 69. h6 1-0


[Site "https://www.chess.com"]

[Event "Titled Tuesday Blitz August 22 Early 2023"]
[White "Martinez Reyes, Pedro Ramon"]
[Black "Hoang, Thi Bao Tram"]
[WhiteFideId "3901807"]
[BlackFideId "12401102"]
[WhiteElo "2559"]
[BlackElo "2687"]
[Result "1-0"]
[Round "9"]
[TimeControl "180+1"]
[Date "2023.08.22"]
[WhiteClock "0:00:18"]
[BlackClock "0:00:00"]
[Board "67"]

1. d4 d5 2. c4 c6 3. Nf3 Nf6 4. Nc3 a6 5. c5 g6 6. Bf4 Bg7 7. e3 O-O 8. h3 Nfd7 9. Na4 Qa5+ 10. Nc3 e5 11. Nxe5 Nxe5 12. Bxe5 Bxe5 13. dxe5 Nd7 14. Qd4 Re8 15. b4 Qa3 16. Be2 a5 17. Rb1 axb4 18. Rxb4 Nf8 19. Rb3 Qa5 20. O-O Ne6 21. Qb4 Nxc5 22. Qxa5 Rxa5 23. Rb4 Rxe5 24. Rc1 Na6 25. Rb6 Nc7 26. Bg4 f5 27. Be2 Kf8 28. Kf1 Ke7 29. Rb2 Kd6 30. Rd2 Rc5 31. Rdc2 Ra5 32. Bf3 Bd7 33. Rb2 b5 34. Ne2 Re8 35. Nf4 Rea8 36. Rcc2 Ne6 37. Nd3 R8a7 38. Nb4 Ra4 39. Rd2 Nc5 40. Nxd5 cxd5 41. Rxd5+ Ke6 42. Rxc5 Rxa2 43. Rcc2 Rxb2 44. Rxb2 Kd6 45. Ke2 Kc5 46. Rc2+ Kb4 47. Bd5 Be8 48. Rb2+ Kc5 49. Be6 b4 50. Kd2 Bb5 51. Bb3 Rd7+ 52. Kc1 Rd3 53. Rc2+ Kb6 54. Kb2 Bc6 55. g3 Rd6 56. h4 Be4 57. Re2 Kb5 58. f4 Rc6 59. h5 Rc3 60. h6 Kc5 61. Bg8 g5 62. Bxh7 gxf4 63. gxf4 Kd6 64. Bg8 Rc1 65. Rh2 Rh1 66. Rxh1 Bxh1 67. h7 1-0


[Site "https://www.chess.com"]

[Event "Titled Tuesday Blitz August 22 Early 2023"]
[White "Skliarov, Viktor"]
[Black "To, Nhat Minh"]
[WhiteFideId "14106736"]
[BlackFideId "729019"]
[WhiteElo "2686"]
[BlackElo "2552"]
[Result "1-0"]
[Round "9"]
[TimeControl "180+1"]
[Date "2023.08.22"]
[WhiteClock "0:01:46"]
[BlackClock "0:00:38"]
[Board "68"]

1. e4 c5 2. Nf3 d6 3. d4 cxd4 4. Qxd4 Nf6 5. Nc3 Nc6 6. Bb5 Bd7 7. Bxc6 Bxc6 8. Bg5 e6 9. O-O-O Be7 10. Rhe1 O-O 11. Kb1 Qa5 12. Qd2 Rfd8 13. Nd4 h6 14. Bh4 Rac8 15. f3 b5 16. Nxc6 Rxc6 17. Nd5 Qxd2 18. Nxe7+ Kf8 19. Rxd2 Kxe7 20. Red1 g5 21. Bf2 Rd7 22. h4 e5 23. Be3 Nh7 24. Rh1 1-0


[Site "https://www.chess.com"]

[Event "Titled Tuesday Blitz August 22 Early 2023"]
[White "Budrewicz, Krzysztof"]
[Black "GaiozNigalidze"]
[WhiteFideId "1127950"]
[WhiteElo "2548"]
[BlackElo "2680"]
[Result "0-1"]
[Round "9"]
[TimeControl "180+1"]
[Date "2023.08.22"]
[WhiteClock "0:00:06"]
[BlackClock "0:00:13"]
[Board "69"]

1. d4 Nf6 2. c4 c5 3. d5 b5 4. Nf3 b4 5. a3 Qb6 6. e3 g6 7. Be2 Bg7 8. O-O O-O 9. axb4 Qxb4 10. Nc3 Qb6 11. e4 d6 12. e5 dxe5 13. Nxe5 Bb7 14. Nd3 Nbd7 15. Be3 Rfc8 16. Ra3 Qc7 17. Bf4 Qd8 18. Re1 Nb6 19. b3 a6 20. Bf3 Nfd7 21. Ne4 Ra7 22. Ra2 a5 23. Qc2 h6 24. h4 a4 25. bxa4 Ba6 26. Nd2 Nf6 27. g3 Nxc4 28. Nxc4 Nxd5 29. Rd1 Nc3 30. Ra3 Bxc4 31. Rxc3 Bxc3 32. Qxc3 Bxd3 33. Rxd3 Qa5 34. Qc1 Qxa4 35. Rd1 c4 36. Qc3 Qb3 37. Rc1 Qxc3 38. Rxc3 h5 39. Kf1 Ra1+ 40. Kg2 Ra2 41. Bd5 Ra4 42. Bc1 e6 43. Be4 Rb4 44. Bc2 Rb5 45. f4 Kh7 46. Kf3 Rbc5 47. Ke3 Rd5 48. Ra3 Rb5 49. Ra7 Kg8 50. Bd2 Rb2 51. Be4 c3 52. Bc1 Rh2 53. Ra3 c2 54. Ra2 f5 55. Bf3 e5 56. fxe5 Rc3+ 57. Kf4 Rf2 58. Be3 Rxf3+ 59. Kxf3 c1=Q 60. Re2 Qh1+ 61. Kf4 Qe4+ 62. Kg5 Qg4+ 63. Kf6 Qxe2 0-1


[Site "https://www.chess.com"]

[Event "Titled Tuesday Blitz August 22 Early 2023"]
[White "Ovchinnikov, Vsevolod"]
[Black "Shvedova, Alexandra"]
[WhiteFideId "24176842"]
[BlackFideId "54154782"]
[WhiteElo "2654"]
[BlackElo "2551"]
[Result "1/2-1/2"]
[Round "9"]
[TimeControl "180+1"]
[Date "2023.08.22"]
[WhiteClock "0:00:08"]
[BlackClock "0:01:08"]
[Board "70"]

1. d4 Nf6 2. c4 e6 3. g3 d5 4. Nf3 dxc4 5. Qa4+ Nbd7 6. Bg2 a6 7. Qxc4 c5 8. O-O b5 9. Qc2 Bb7 10. Bg5 Qb6 11. Bxf6 Nxf6 12. e3 cxd4 13. Nxd4 Rc8 14. Qe2 Bc5 15. Bxb7 Qxb7 16. Nb3 Be7 17. N1d2 O-O 18. Rac1 Nd5 19. Rxc8 Rxc8 20. Rc1 h6 21. Qd1 Nb4 22. a3 Nd3 23. Rxc8+ Qxc8 24. Qb1 Ne5 25. Qc1 Qd7 26. Nd4 b4 27. axb4 Bxb4 28. N2b3 Bf8 29. Qc2 g6 30. Nd2 a5 31. N2f3 Nxf3+ 32. Nxf3 Bg7 33. b3 Qd5 34. Nd2 h5 35. h4 Bf6 36. Kf1 Qe5 37. Ke2 Qd5 38. Qc4 Qe5 39. Qc8+ Kg7 40. Qc2 Kg8 41. Qc8+ Kg7 42. Qc2 Kg8 43. Qc8+ 1/2-1/2


[Site "https://www.chess.com"]

[Event "Titled Tuesday Blitz August 22 Early 2023"]
[White "Jaskolka, Tomasz"]
[Black "SmirnovAlexandrA"]
[WhiteFideId "1170791"]
[WhiteElo "2542"]
[BlackElo "2650"]
[Result "1/2-1/2"]
[Round "9"]
[TimeControl "180+1"]
[Date "2023.08.22"]
[WhiteClock "0:00:11"]
[BlackClock "0:00:37"]
[Board "71"]

1. e4 d5 2. exd5 Qxd5 3. Nc3 Qd6 4. d4 Nf6 5. Nf3 a6 6. Be2 b5 7. a3 Bb7 8. O-O Nbd7 9. Bg5 e6 10. Qd2 Be7 11. Rad1 c5 12. dxc5 Qxc5 13. Be3 Qc6 14. Rfe1 h6 15. Bf1 Rd8 16. Nd4 Qc8 17. Qe2 Ne5 18. Bf4 Nc6 19. Nf3 O-O 20. h3 Rxd1 21. Rxd1 Rd8 22. Rxd8+ Qxd8 23. Qd3 Qxd3 24. Bxd3 Nd7 25. Ne4 Nc5 26. Nxc5 Bxc5 27. Kf1 g5 28. Bc7 Nd4 29. b4 Nxf3 30. bxc5 Nd2+ 31. Ke2 Ne4 32. Bb6 Kf8 33. c4 Ke7 34. cxb5 Nc3+ 35. Kd2 Nxb5 36. Bxb5 axb5 37. g3 Kd7 38. Kc3 e5 39. Kb4 Bg2 40. h4 gxh4 41. gxh4 Bf1 42. Ba7 Kc6 43. Bb8 Kd5 44. Bd6 h5 45. Be7 f5 46. Ka5 Kc6 47. Kb4 Kd5 48. Bd6 Bd3 49. Ka5 Kc6 50. Kb4 Kd5 51. Ka5 Kc6 52. Kb4 Kd5 1/2-1/2


[Site "https://www.chess.com"]

[Event "Titled Tuesday Blitz August 22 Early 2023"]
[White "Haug, Havard"]
[Black "subham777"]
[WhiteFideId "1547887"]
[WhiteElo "2641"]
[BlackElo "2539"]
[Result "1-0"]
[Round "9"]
[TimeControl "180+1"]
[Date "2023.08.22"]
[WhiteClock "0:00:01"]
[BlackClock "0:00:00"]
[Board "72"]

1. e4 e6 2. d4 d5 3. e5 c5 4. c3 Nc6 5. Nf3 Qb6 6. a3 cxd4 7. cxd4 Nge7 8. Bd3 Bd7 9. Bc2 g6 10. O-O Bg7 11. Nc3 O-O 12. b4 Rac8 13. Na4 Qd8 14. Be3 f6 15. exf6 Bxf6 16. Qd2 Nf5 17. Bxf5 exf5 18. Bf4 Nxd4 19. Nxd4 Bxd4 20. Qxd4 Bxa4 21. Qxa7 Qd7 22. Rac1 d4 23. h3 d3 24. Bd2 Bc6 25. f3 Rfe8 26. Rfe1 Re2 27. Rxe2 dxe2 28. Be1 Re8 29. Qc5 Re6 30. Kf2 Kf7 31. Qc3 Kg8 32. Rc2 Bb5 33. Rd2 Qe8 34. Qc7 Re7 35. Qb6 Kf7 36. Rd8 Qc6 37. Qd4 Rd7 38. Rxd7+ Qxd7 39. Qh8 Ke6 40. Bc3 Qc6 41. Qe5+ Kd7 42. Qg7+ Ke6 43. Qg8+ Kd6 44. Qf8+ Ke6 45. Qg8+ Kd6 46. Qd8+ Ke6 47. Bd4 Qd6 48. Qg8+ 1-0


[Site "https://www.chess.com"]

[Event "Titled Tuesday Blitz August 22 Early 2023"]
[White "Sreyas Payyappat"]
[Black "Sipila, Vilka"]
[WhiteFideId "46674969"]
[BlackFideId "505455"]
[WhiteElo "2531"]
[BlackElo "2625"]
[Result "0-1"]
[Round "9"]
[TimeControl "180+1"]
[Date "2023.08.22"]
[WhiteClock "0:00:09"]
[BlackClock "0:00:09"]
[Board "74"]

1. e4 d5 2. exd5 Qxd5 3. d4 Nc6 4. Nf3 Bg4 5. Be2 e5 6. c4 Bb4+ 7. Nc3 Qa5 8. d5 Bxf3 9. Bxf3 Nd4 10. Bd2 O-O-O 11. O-O c6 12. a3 Bxc3 13. Bxc3 Qc5 14. Bxd4 Qxd4 15. dxc6 Nf6 16. cxb7+ Kb8 17. Qc2 e4 18. Rad1 Qe5 19. Rxd8+ Rxd8 20. Re1 Rd4 21. Qc3 Qd6 22. c5 Qd5 23. c6 Ne8 24. b4 Nc7 25. Bg4 g6 26. Bd7 f5 27. a4 a6 28. h3 Qe5 29. b5 Rd5 30. Qxe5 Rxe5 31. b6 Nd5 32. a5 Ne7 33. Rd1 f4 34. Rc1 e3 35. fxe3 fxe3 36. c7+ Kxb7 37. c8=Q+ Nxc8 38. Bxc8+ Kb8 39. Bg4 Rxa5 40. Rc7 h5 41. Bf3 Rb5 42. Rb7+ Kc8 43. Re7 Rxb6 44. Rxe3 Kd7 45. Kf2 a5 46. Ra3 Ra6 47. Ke3 Ke6 48. Kf4 Kf6 49. g4 g5+ 50. Kg3 h4+ 51. Kf2 Ke5 52. Be2 Ra7 53. Rf3 a4 54. Bc4 a3 55. Ba2 Kd4 56. Rf5 Rb7 57. Kg1 Rb2 58. Rf2 Ke3 59. Rxb2 axb2 60. Kg2 Ke2 61. Bb1 Ke3 62. Bh7 Ke2 63. Bb1 Ke3 64. Ba2 Ke2 65. Kh2 Kf2 66. Bb1 Kf1 67. Bd3+ Kf2 68. Bb1 Kf1 69. Kh1 Kf2 70. Bd3 Kg3 71. Kg1 Kxh3 72. Bf5 Kg3 73. Kh1 Kf4 74. Kg2 Ke3 75. Kf1 Kd2 76. Kf2 Kc1 77. Kf3 b1=Q 0-1


[Site "https://www.chess.com"]

[Event "Titled Tuesday Blitz August 22 Early 2023"]
[White "Karamsetty, Jeevan"]
[Black "Boarish_Male"]
[WhiteFideId "2025337"]
[WhiteElo "2530"]
[BlackElo "2604"]
[Result "0-1"]
[Round "9"]
[TimeControl "180+1"]
[Date "2023.08.22"]
[WhiteClock "0:00:01"]
[BlackClock "0:00:37"]
[Board "75"]

1. e4 c5 2. Nc3 Nc6 3. Bb5 Nd4 4. Bc4 e6 5. Nge2 a6 6. a4 d6 7. O-O Nf6 8. d3 Be7 9. Nxd4 cxd4 10. Ne2 e5 11. f4 O-O 12. Bb3 Qc7 13. Qe1 Be6 14. Bxe6 fxe6 15. fxe5 dxe5 16. c4 Nd7 17. Bd2 Nc5 18. Rxf8+ Rxf8 19. Qg3 Nb3 20. Rd1 Nxd2 21. Rxd2 Qa5 22. Rd1 Qxa4 23. Rc1 Qa5 24. Qg4 Rf6 25. Qh5 g6 26. Qg4 Qd2 27. h4 Qxd3 28. h5 Qe3+ 29. Kh1 Qh6 30. Ng3 Qxc1+ 31. Kh2 Qf4 32. Qh3 g5 33. h6 Qh4 0-1


[Site "https://www.chess.com"]

[Event "Titled Tuesday Blitz August 22 Early 2023"]
[White "Shahaliyev, Ismayil"]
[Black "Miszler, Levente"]
[WhiteFideId "13406388"]
[BlackFideId "763276"]
[WhiteElo "2595"]
[BlackElo "2514"]
[Result "1-0"]
[Round "9"]
[TimeControl "180+1"]
[Date "2023.08.22"]
[WhiteClock "0:00:48"]
[BlackClock "0:01:58"]
[Board "76"]

1. e4 c6 2. d4 d5 3. exd5 cxd5 4. Bd3 Nc6 5. c3 Nf6 6. h3 e5 7. dxe5 Nxe5 8. Nf3 Nxd3+ 9. Qxd3 h6 10. O-O Be7 11. Bf4 O-O 12. Nbd2 Be6 13. Nd4 Bd6 14. Bxd6 Qxd6 15. Rfe1 Rfe8 16. Rad1 Rad8 17. Qb5 a6 18. Qb3 b5 19. a4 Rb8 20. axb5 Rxb5 21. Nxb5 axb5 22. Qxb5 Rb8 23. Qa4 Qb6 24. b4 Bf5 25. Qa5 Qb7 26. Nf3 Be4 27. Nd4 Qc8 28. Qc5 Qa6 29. b5 Qa2 30. Ra1 Qd2 31. b6 Qg5 32. f3 Bd3 33. Qc7 Rf8 34. b7 Qg3 35. Qxg3 1-0


[Site "https://www.chess.com"]

[Event "Titled Tuesday Blitz August 22 Early 2023"]
[White "matenitian"]
[Black "Ibadov, Dashgyn"]
[BlackFideId "24107514"]
[WhiteElo "2511"]
[BlackElo "2591"]
[Result "0-1"]
[Round "9"]
[TimeControl "180+1"]
[Date "2023.08.22"]
[WhiteClock "0:00:03"]
[BlackClock "0:00:32"]
[Board "77"]

1. e4 e5 2. Nf3 Nc6 3. Bb5 a6 4. Ba4 Nf6 5. O-O b5 6. Bb3 Bc5 7. d3 d6 8. c3 O-O 9. h3 Bb6 10. Re1 Ne7 11. a4 Rb8 12. Nbd2 Ng6 13. Nf1 Bb7 14. Be3 c5 15. axb5 axb5 16. Ng3 Re8 17. Nf5 d5 18. exd5 Nxd5 19. Bg5 f6 20. Bc1 Kh8 21. c4 Ndf4 22. cxb5 Nxd3 23. Rf1 e4 24. Nh2 Qd7 25. Qg4 Bc8 26. Ne3 Qd4 27. Qh5 Re5 28. Qe2 Ngf4 29. Qc2 Rg5 30. Neg4 h5 31. Bxf4 Nxf4 32. Rad1 Nd3 33. h4 Rxg4 34. Nxg4 hxg4 35. Bf7 g3 36. Bg6 gxf2+ 37. Kh2 e3 38. g3 Qg4 39. Qxd3 Qh3# 0-1


[Site "https://www.chess.com"]

[Event "Titled Tuesday Blitz August 22 Early 2023"]
[White "Borgaonkar Akshay"]
[Black "Janaszak, Dawid"]
[WhiteFideId "25639110"]
[BlackFideId "1119206"]
[WhiteElo "2590"]
[BlackElo "2504"]
[Result "0-1"]
[Round "9"]
[TimeControl "180+1"]
[Date "2023.08.22"]
[WhiteClock "0:00:56"]
[BlackClock "0:01:17"]
[Board "78"]

1. e4 c5 2. Nf3 Nc6 3. b4 d6 4. b5 Nd4 5. Nxd4 cxd4 6. c3 Nf6 7. Bd3 dxc3 8. Nxc3 g6 9. Bb2 Bg7 10. Nd5 e6 11. Nxf6+ Bxf6 12. Qb3 O-O 13. O-O Bxb2 14. Qxb2 d5 15. Rac1 a6 16. b6 Bd7 17. Rc7 Bc6 18. e5 Rc8 19. Rxc8 Qxc8 20. Qd4 Qd8 21. Rc1 Qg5 22. f4 Qe7 23. Bxa6 Qa3 24. Rc3 Qxa6 25. f5 exf5 26. h4 Qa4 27. Qc5 d4 28. Rc4 Qd1+ 29. Kh2 Qg4 0-1


[Site "https://www.chess.com"]

[Event "Titled Tuesday Blitz August 22 Early 2023"]
[White "Marn, Jan"]
[Black "Rosen, Eric"]
[WhiteFideId "14619245"]
[BlackFideId "2032562"]
[WhiteElo "2499"]
[BlackElo "2588"]
[Result "0-1"]
[Round "9"]
[TimeControl "180+1"]
[Date "2023.08.22"]
[WhiteClock "0:01:08"]
[BlackClock "0:00:32"]
[Board "79"]

1. f4 g6 2. Nf3 Bg7 3. e3 c5 4. Be2 Nc6 5. O-O e6 6. c4 Nge7 7. Nc3 O-O 8. b3 d5 9. Bb2 d4 10. Ne4 d3 11. Bxg7 Kxg7 12. Nxc5 dxe2 13. Qxe2 b6 14. Ne4 Bb7 15. d3 f6 16. Rfd1 Qc7 17. Qb2 Nf5 18. Kf2 Nb4 19. Nfg5 Rae8 20. a3 Nc6 21. g4 Nd6 22. Nxd6 Qxd6 23. Ne4 Qe7 24. g5 e5 25. gxf6+ Rxf6 26. Nxf6 Qxf6 27. Kg1 exf4 28. Qxf6+ Kxf6 29. exf4 Nd4 30. Kf2 Re2+ 31. Kg3 Nf5+ 32. Kh3 Bg2+ 33. Kg4 h5# 0-1


[Site "https://www.chess.com"]

[Event "Titled Tuesday Blitz August 22 Early 2023"]
[White "Arabidze, Meri"]
[Black "WindWhistler11"]
[WhiteFideId "13604040"]
[WhiteElo "2587"]
[BlackElo "2477"]
[Result "1-0"]
[Round "9"]
[TimeControl "180+1"]
[Date "2023.08.22"]
[WhiteClock "0:00:21"]
[BlackClock "0:00:00"]
[Board "80"]

1. d4 Nf6 2. Nf3 e6 3. g3 c5 4. c4 cxd4 5. Nxd4 a6 6. Bg2 Qc7 7. O-O h5 8. Bg5 Nc6 9. Nc3 Qe5 10. Nf3 Qf5 11. Qb1 Qg4 12. Bxf6 gxf6 13. Ne4 Be7 14. c5 f5 15. Nd6+ Kf8 16. Qc2 h4 17. Qc3 Rh6 18. Rad1 Bf6 19. Qd2 Qh5 20. Nxc8 Rxc8 21. Qxd7 Rb8 22. Qc7 hxg3 23. hxg3 Be5 24. Qb6 f4 25. g4 Qxg4 26. Nxe5 Nxe5 27. Qd6+ Kg7 28. Qxe5+ Kh7 29. Qe4+ 1-0


[Site "https://www.chess.com"]

[Event "Titled Tuesday Blitz August 22 Early 2023"]
[White "Ribeiro, Matheus Mendes Domingues"]
[Black "Bueno, Alfeu Junior Varela"]
[WhiteFideId "324226923"]
[BlackFideId "2108879"]
[WhiteElo "2567"]
[BlackElo "2438"]
[Result "1-0"]
[Round "9"]
[TimeControl "180+1"]
[Date "2023.08.22"]
[WhiteClock "0:00:26"]
[BlackClock "0:00:00"]
[Board "81"]

1. c4 e5 2. Nc3 Nc6 3. Nf3 f5 4. d4 e4 5. d5 exf3 6. dxc6 fxg2 7. cxd7+ Bxd7 8. Bxg2 Qh4 9. Qb3 Bc5 10. e3 Rb8 11. Bd2 Nf6 12. Nd5 O-O 13. O-O-O Qxf2 14. Rhg1 Ne4 15. Bxe4 fxe4 16. Bc3 Rf7 17. Nf6+ Rxf6 18. Bxf6 Qxe3+ 19. Kb1 Qxb3 20. Rxg7+ Kf8 21. axb3 Bf5 22. Rf1 1-0


[Site "https://www.chess.com"]

[Event "Titled Tuesday Blitz August 22 Early 2023"]
[White "Szyszylo, Rafal"]
[Black "Hambleton, Aman"]
[WhiteFideId "1109626"]
[BlackFideId "2606577"]
[WhiteElo "2468"]
[BlackElo "2818"]
[Result "0-1"]
[Round "9"]
[TimeControl "180+1"]
[Date "2023.08.22"]
[WhiteClock "0:00:12"]
[BlackClock "0:00:04"]
[Board "82"]

1. e4 b6 2. d4 Bb7 3. Bd3 e6 4. Qe2 d5 5. e5 c5 6. c3 Qc8 7. Be3 Ba6 8. Bxa6 Qxa6 9. Nf3 Qxe2+ 10. Kxe2 Nc6 11. Rc1 Rc8 12. Nbd2 cxd4 13. cxd4 Nge7 14. Rc3 h6 15. Rac1 Kd7 16. a3 Nf5 17. g4 Nxe3 18. fxe3 f6 19. b4 a6 20. Kd3 Be7 21. e4 h5 22. exd5 exd5 23. g5 fxg5 24. Rg1 g4 25. Ne1 Rhf8 26. Ng2 Rf2 27. Ne3 Bxb4 28. Rxc6 Rxd2# 0-1


[Site "https://www.chess.com"]

[Event "Titled Tuesday Blitz August 22 Early 2023"]
[White "Hua, Lefong"]
[Black "Devaev, Alexander"]
[WhiteFideId "2602253"]
[BlackFideId "4169395"]
[WhiteElo "2670"]
[BlackElo "2493"]
[Result "0-1"]
[Round "9"]
[TimeControl "180+1"]
[Date "2023.08.22"]
[WhiteClock "0:00:10"]
[BlackClock "0:00:12"]
[Board "83"]

1. d4 Nf6 2. c4 e6 3. Nc3 Bb4 4. f3 c5 5. a3 Bxc3+ 6. bxc3 d6 7. e4 Nc6 8. Be3 b6 9. Bd3 e5 10. d5 Na5 11. Ne2 Ba6 12. Ng3 g6 13. O-O Qd7 14. Qe2 h5 15. Bg5 Nh7 16. Be3 h4 17. Nh1 Qa4 18. f4 Bxc4 19. fxe5 dxe5 20. Nf2 O-O-O 21. Ng4 Bxd3 22. Qxd3 Qc4 23. Nxe5 Qxd3 24. Nxd3 f6 25. Nf4 g5 26. Ne6 Rd7 27. Rad1 Nc4 28. Bc1 Re8 29. Rde1 Ne5 30. Rd1 Nc4 31. a4 Kb7 32. h3 Ka6 33. g3 hxg3 34. Kg2 Ka5 35. Kxg3 Kxa4 36. Rde1 Kb5 37. Re2 Ka6 38. Ra2+ Kb7 39. Ra4 Nd6 40. Re1 Nf7 41. Be3 Ne5 42. Rb1 Kc8 43. c4 Rde7 44. Rb3 Rxe6 45. dxe6 Nc6 46. Ra1 Rxe6 47. Bf2 Rxe4 48. Rc1 Nf8 49. Rf3 Re6 50. Re1 Ne5 51. Rf5 Nfg6 52. Kg2 Kd7 53. Bg3 Nxc4 54. Rd1+ Ke8 55. Bf2 Nce5 56. Kf1 Kf7 57. Be1 Ne7 58. Rf2 Kg6 59. Ra2 Nf5 60. Rxa7 Ne3+ 61. Ke2 Nxd1 62. Kxd1 c4 63. Bf2 b5 64. Rb7 Nd3 65. Bd4 b4 66. Kd2 Rd6 67. Ke3 b3 68. Bc3 Re6+ 69. Kd4 Rc6 70. Kd5 Rc8 71. Rb6 Nf4+ 72. Ke4 Re8+ 73. Kf3 Nd5 0-1


[Site "https://www.chess.com"]

[Event "Titled Tuesday Blitz August 22 Early 2023"]
[White "Kavutskiy, Konstantin"]
[Black "Gavilan Diaz, Mario"]
[WhiteFideId "2026384"]
[BlackFideId "2260905"]
[WhiteElo "2667"]
[BlackElo "2490"]
[Result "1-0"]
[Round "9"]
[TimeControl "180+1"]
[Date "2023.08.22"]
[WhiteClock "0:00:48"]
[BlackClock "0:00:20"]
[Board "84"]

1. e4 b6 2. d4 Bb7 3. Bd3 e6 4. Nf3 Nf6 5. Qe2 d5 6. e5 Ne4 7. Nbd2 Nxd2 8. Bxd2 c5 9. c3 Nc6 10. O-O Be7 11. a3 a5 12. g3 O-O 13. h4 h6 14. Rfe1 a4 15. Nh2 cxd4 16. Qh5 f5 17. exf6 Bxf6 18. Rxe6 dxc3 19. Bxh6 cxb2 20. Rae1 Nd4 21. Bxg7 Nxe6 22. Qh7+ Kf7 23. Bxf6+ Kxf6 24. Qg6+ Ke7 25. Qxe6# 1-0


[Site "https://www.chess.com"]

[Event "Titled Tuesday Blitz August 22 Early 2023"]
[White "Tregubov, Pavel V."]
[Black "Itkis, Boris"]
[WhiteFideId "4115341"]
[BlackFideId "1209167"]
[WhiteElo "2637"]
[BlackElo "2487"]
[Result "1-0"]
[Round "9"]
[TimeControl "180+1"]
[Date "2023.08.22"]
[WhiteClock "0:02:50"]
[BlackClock "0:02:38"]
[Board "85"]

1. e4 e6 2. d4 d5 3. e5 c5 4. c3 Nc6 5. Nf3 Qb6 6. Be2 cxd4 7. cxd4 Nh6 8. Na3 Bb4+ 9. Bd2 Nxd4 10. Nxd4 Qxd4 11. Qa4+ 1-0


[Site "https://www.chess.com"]

[Event "Titled Tuesday Blitz August 22 Early 2023"]
[White "Chen, Ryo"]
[Black "KrokerGuy"]
[WhiteFideId "7003072"]
[WhiteElo "2622"]
[BlackElo "2482"]
[Result "1-0"]
[Round "9"]
[TimeControl "180+1"]
[Date "2023.08.22"]
[WhiteClock "0:00:20"]
[BlackClock "0:00:02"]
[Board "86"]

1. e4 e5 2. Nf3 Nc6 3. Bb5 a6 4. Ba4 Nf6 5. O-O Be7 6. d3 b5 7. Bb3 d6 8. c3 O-O 9. a4 Bb7 10. Bc2 Re8 11. Nbd2 Nb8 12. b4 Nbd7 13. d4 Bf8 14. Re1 g6 15. dxe5 Nxe5 16. Nxe5 dxe5 17. Qf3 Bg7 18. Nb3 Nh5 19. Na5 Rb8 20. Be3 Qc8 21. Bb3 Nf6 22. h3 Bxe4 23. Qe2 Bd5 24. Bg5 Bxb3 25. Bxf6 Bxa4 26. Bxg7 Kxg7 27. Qf3 Rb6 28. c4 Rf6 29. Qc3 Rfe6 30. c5 Kg8 31. Ra2 Qd7 32. Rd2 Qe7 33. Re3 f5 34. Red3 Qf7 35. Rd7 R6e7 36. Rxe7 Qxe7 37. Nc6 Qe6 38. Na5 e4 39. c6 e3 40. fxe3 Qxe3+ 41. Qxe3 Rxe3 42. Rd7 Bc2 43. Rxc7 Be4 44. Re7 Re2 45. c7 Rxg2+ 46. Kf1 Rc2 47. Re8+ Kf7 48. c8=Q Rxc8 49. Rxc8 Kf6 50. Nc6 Kg5 51. Ne5 Kh4 52. Rc3 g5 53. Nf3+ Kh5 54. Kf2 g4 55. hxg4+ fxg4 56. Rc5+ Kh6 57. Nh2 Kg7 58. Nxg4 Kf7 59. Ne3 Bg6 60. Kg3 Ke7 61. Kf4 Kd6 62. Nf5+ Kd7 63. Ke5 Bf7 64. Nd6 Bb3 65. Ne4 h5 66. Rc3 Bc4 67. Nc5+ Kc7 68. Rh3 Kb6 69. Rxh5 a5 70. Rh6+ Kc7 71. bxa5 b4 72. Na6+ Kb7 73. Nxb4 1-0


[Site "https://www.chess.com"]

[Event "Titled Tuesday Blitz August 22 Early 2023"]
[White "Fule, Simon"]
[Black "Arat, Ufuk Sezen"]
[WhiteFideId "787515"]
[BlackFideId "6309089"]
[WhiteElo "2471"]
[BlackElo "2601"]
[Result "0-1"]
[Round "9"]
[TimeControl "180+1"]
[Date "2023.08.22"]
[WhiteClock "0:00:49"]
[BlackClock "0:02:23"]
[Board "87"]

1. e4 c5 2. Nf3 e6 3. d4 cxd4 4. Nxd4 Nc6 5. Nc3 Qc7 6. Be3 a6 7. a3 Nf6 8. f4 Nxd4 9. Bxd4 Qxf4 10. g3 Qc7 11. e5 Ng8 12. Bg2 Ne7 13. O-O Nc6 14. Be3 b5 15. Ne4 Qxe5 16. Qf3 f5 17. Nf2 Bc5 18. Bf4 Qf6 19. g4 O-O 20. gxf5 Qxf5 21. Qc3 Bd4 0-1


[Site "https://www.chess.com"]